 Dungeon Crawl Stone Soup version 0.18-a0-1088-g34ef3a2 (webtiles) character file.

18 lysy the Chucker (level 2, -1/29 HPs)
             Began as an Ogre Hunter on Jan 15, 2016.
             Slain by a jackal (2 damage)
             ... on level 1 of the Dungeon.
             The game lasted 00:02:40 (721 turns).

lysy the Chucker (Ogre Hunter)                       Turns: 721, Time: 00:02:40

Health: -1/29      AC:  3    Str: 16    XL:     2   Next: 66%
Magic:  2/2        EV: 10    Int: 10    God:
Gold:   36         SH:  0    Dex: 10    Spells: 0 memorised, 1 level left

rFire  . . .     SeeInvis .     i - -1 dagger (curse)
rCold  . . .     Gourm    .     b - +0 robe
rNeg   . . .     Faith    .     (no shield)
rPois  .         Spirit   .     (helmet restricted)
rElec  .         Dismiss  .     (no cloak)
rCorr  .         Reflect  .     (gloves unavailable)
SustAt .         Harm     .     (boots unavailable)
MR     .....                    l - amulet of inaccuracy (curse)
Stlth  +.........               (no ring)
                                (no ring)

@: not resistant to hostile enchantments, very unstealthy
A: unfitting armour, tough skin 1
a: no special abilities


You were on level 1 of the Dungeon.
You were not hungry.

You visited 1 branch of the dungeon, and saw 1 of its levels.

You collected 36 gold pieces.


Innate Abilities, Weirdness & Mutations

You are too large for most types of armour.
You have tough skin (AC +1).


   Skills:
 - Level 2.6 Fighting
 + Level 4.4 Throwing
 + Level 2.2 Dodging
 - Level 0.7 Stealth


You had one spell level left.
You didn't know any spells.

Inventory:

Hand Weapons
 a - a +0 short sword
 i - a cursed -1 dagger (weapon)
Missiles
 c - 5 large rocks {=f}
 d - 2 throwing nets {=f}
 e - 23 stones (quivered)
 k - 7 tomahawks
Armour
 b - a +0 robe (worn)
 j - a +0 cloak
Jewellery
 l - a cursed amulet of inaccuracy (around neck)
Potions
 h - a potion of haste {unknown}
 m - a potion of flight {unknown}
Comestibles
 f - a bread ration

Dungeon Overview and Level Annotations

Branches:
Dungeon (1/15)

Altars:

..▒ ..▒ .(. ▒▒▒ ▒▒▒▒▒▒ ▒.▒ .▒
▒ ▒....▒ ▒(▒ ..▒▒ ▒ ▒....▒ ▒(▒
▒..▒▒▒▒▒▒▒▒▒▒▒ ▒▒▒ ▒....▒ ▒(▒
▒..........▒. ..▒ ▒....▒ ▒(▒
▒............ ▒.▒ ▒▒..▒▒▒ ▒h▒▒
▒............ ▒.▒ ▒....▒▒▒Oh▒
▒............ ▒.▒
▒▒.......▒g▒▒▒............ ..▒
▒...................▒▒▒÷▒▒
▒.▒▒▒▒▒▒▒▒.▒▒▒.............▒
▒.▒
▒......▒▒▒.▒▒▒....▒▒▒▒.....▒
▒▒▒
.............▒▒...▒▒.......▒
......................▒▒▒..▒
.............▒...............▒
.............▒.........▒...▒▒▒


You could see 2 jackals and a hobgoblin.


Message History

The jackal closely misses you.
Throwing (i - inventory. (,) - cycle):
e - 27 stones (quivered)
Aim: a jackal (severely wounded)
You throw a stone.
The stone hits the jackal but does no damage.
The jackal is severely wounded.
The jackal barely misses you. The hobgoblin closely misses you.
The jackal closely misses you.
Throwing (i - inventory. (,) - cycle):
e - 26 stones (quivered)
Aim: a jackal (severely wounded)
You throw a stone. The stone barely misses the jackal.
The jackal misses you. The jackal closely misses you.
The hobgoblin closely misses you. The jackal bites you.
* * * LOW HITPOINT WARNING * * *
Throwing (i - inventory. (,) - cycle):
e - 25 stones (quivered)
Aim: a jackal (severely wounded)
You throw a stone. The stone closely misses the jackal.
The jackal closely misses you. x2
The hobgoblin misses you.
Throwing (i - inventory. (,) - cycle):
e - 24 stones (quivered)
Aim: a jackal (heavily wounded)
You throw a stone.
The stone hits the jackal but does no damage.
The jackal is heavily wounded.
The jackal bites you but does no damage.
The jackal barely misses you. The jackal bites you.
* * * LOW HITPOINT WARNING * * *
The hobgoblin hits you.
* * * LOW HITPOINT WARNING * * *
The jackal bites you.
You die...

Action                   || total
-------------------------++-------
Melee: Short sword       ||    18
       Dagger            ||    32
Throw: Stone             ||    50
  Use: Scroll            ||     2

Vault maps used:
D:1:      evilmike_arrival_hilbert_curve

Notes
Turn   | Place    | Note
--------------------------------------------------------------
     0 | D:1      | lysy the Ogre Hunter began the quest for the Orb.
     0 | D:1      | Reached XP level 1. HP: 22/22 MP: 1/1
    72 | D:1      | Reached skill level 2 in Dodging
   347 | D:1      | Reached XP level 2. HP: 29/29 MP: 2/2
   721 | D:1      | HP: 2/29 [jackal (1)]
   721 | D:1      | Slain by a jackal

Vanquished Creatures
  An ooze (D:1)
  A giant gecko (D:1)
  2 bats (D:1)
  A giant cockroach (D:1)
  2 goblins (D:1)
  2 hobgoblins (D:1)
  2 jackals (D:1)
11 creatures vanquished.
